Map: Oxide LE

Players

Seither

  • Race: Terran Terran

Probe - Winner!

  • Race: Protoss Protoss

Event: DreamHack SC2 Masters 2021 Fall

VOD

Have the link to the VOD?

Description

Time

  • Played on: July 30, 2021, 5:15 a.m.
  • Length: 6:54

All games in this series

Show
View Real Time Build Order
Export as new Build Order

Seither Terran 

Build Orders:  

Get SALT Encoding   

  12  0:00  SCV  
  13  0:12  SCV  
  14  0:17  Supply Depot  
  14  0:24  SCV  
  15  0:39  SCV  
  15  0:41  Barracks  
  16  0:44  Refinery  
  16  0:51  SCV  
  17  1:03  SCV  
  18  1:15  SCV  
  19  1:28  Marine, Orbital Command  
  20  1:43  Command Center  
  20  1:54  Factory  
  20  1:59  SCV  
  21  2:03  Barracks Reactor  
  21  2:10  Supply Depot  
  21  2:13  SCV  
  22  2:23  Refinery  
  22  2:25  SCV  
  23  2:37  SCV  
  24  2:45  Starport  
  24  2:46  Hellion  
  24  2:47  Marine, Hellion  
  24  2:49  SCV  
  30  2:56  Orbital Command  
  30  3:05  SCV  
  31  3:09  Widow Mine x2  
  35  3:22  Supply Depot, Medivac  
  35  3:25  SCV x2  
  39  3:32  Widow Mine x2  
  43  3:40  Armory  
  43  3:47  Barracks Tech Lab  
  44  3:48  SCV x2  
  44  3:52  Supply Depot  
  44  3:54  Engineering Bay  
  45  3:58  Starport Tech Lab  
  45  4:00  SCV  
  45  4:01  SCV  
  47  4:06  Supply Depot  
  47  4:11  Cyclone  
  47  4:16  Supply Depot  
  50  4:20  SCV x2  
  50  4:21  Marine  
  50  4:22  Marine  
  54  4:27  Refinery  
  54  4:31  Missile Turret  
  54  4:32  SCV x2  
  50  4:43  Marine x2  
  52  4:45  SCV  
  52  4:46  SCV  
  52  4:52  Siege Tank  
  57  4:58  SCV x2  
  57  4:59  Bunker  
  59  5:03  Marine  
  59  5:04  Marine  
  61  5:10  SCV x2  
  61  5:11  Raven  
  61  5:16  Command Center  
  61  5:21  Marine  
  61  5:22  Marine, SCV x2  
  65  5:30  Siege Tank  
  65  5:32  Supply Depot  
  65  5:34  SCV x2  
  70  5:41  Barracks  
  69  5:51  SCV x2  
  65  5:57  Marine x2  
  65  5:59  Banshee  
  65  6:03  SCV x2  
  62  6:05  Factory Tech Lab  
  60  6:15  SCV x2  
  60  6:17  Marine  
  60  6:18  Marine, Barracks  
  64  6:25  Refinery, Supply Depot  
  64  6:27  SCV  
  64  6:28  SCV  
  66  6:40  SCV x2  
Show
View Real Time Build Order
Export as new Build Order

Probe Protoss - Winner!

Build Orders: 1 Gate Expand, Blink Stalkers 

Get SALT Encoding   

  12  0:00  Probe  
  13  0:12  Probe  
  14  0:17  Pylon  
  14  0:24  Probe (Chrono Boost)  
  16  0:36  Probe (Chrono Boost)  
  16  0:39  Gateway  
  16  0:43  Probe (Chrono Boost)  
  16  0:45  Assimilator  
  17  0:51  Probe  
  18  1:03  Probe  
  19  1:15  Probe  
  20  1:23  Nexus  
  20  1:33  Cybernetics Core  
  20  1:35  Probe  
  21  1:41  Assimilator  
  21  1:47  Probe  
  21  1:50  Pylon  
  22  2:00  Probe  
  23  2:07  Stalker (Chrono Boost)  
  23  2:09  Warp Gate  
  23  2:12  Probe (Chrono Boost)  
  27  2:23  Probe (Chrono Boost)  
  27  2:29  Probe (Chrono Boost)  
  28  2:30  Sentry  
  28  2:35  Probe (Chrono Boost)  
  31  2:43  Twilight Council  
  31  2:44  Probe x2 (Chrono Boost)  
  33  2:49  Probe (Chrono Boost)  
  33  2:50  Probe  
  35  2:54  Gateway  
  35  2:57  Shield Battery  
  35  3:01  Probe  
  35  3:02  Probe  
  37  3:10  Robotics Facility  
  37  3:13  Probe  
  37  3:14  Probe  
  39  3:21  Pylon, Blink (Chrono Boost)  
  39  3:25  Probe  
  39  3:26  Probe  
  41  3:37  Probe  
  41  3:39  Probe  
  43  3:49  Probe  
  43  3:51  Probe  
  43  3:52  Gateway x2  
  43  3:53  Assimilator  
  45  3:57  Observer  
  45  3:58  Stalker  
  45  4:02  Pylon  
  48  4:03  Stalker  
  48  4:09  Probe  
  52  4:10  Pylon, Probe  
  52  4:18  Warp Prism (Chrono Boost)  
  52  4:23  Stalker  
  56  4:28  Stalker  
  56  4:30  Probe x2  
  60  4:34  Pylon  
  60  4:42  Probe  
  57  4:46  Probe  
  57  4:47  Stalker  
  57  4:48  Stalker  
  57  4:51  Observer (Chrono Boost)  
  63  4:54  Stalker  
  65  5:00  Stalker  
  65  5:03  Probe x2  
  69  5:15  Stalker x2  
  73  5:25  Stalker x2  
  73  5:28  Pylon  
  77  5:30  Pylon  
  77  5:31  Probe  
  78  5:46  Probe x2  
  78  5:53  Stalker x4  
  84  5:58  Probe  
  84  6:08  Nexus  
  83  6:13  Pylon  
  83  6:17  Stalker x4  
  89  6:19  Probe  
  89  6:22  Probe  
  91  6:27  Pylon  
  91  6:31  Probe  

Tags
 
Add a new tag
Caveats
  • Supply blocks, unpowered buildings, or Contaminate may cause inaccurate times.
  • Supply counts are checked every 10 seconds.